 Dungeon Crawl Stone Soup version 0.30-a0-800-g7c544603b3 (webtiles) character file.

Game seed: 14969176711424541209

966 jlumianski the Slasher (level 7, 0/55 HPs)
             Began as a Demonspawn Fighter on Feb 22, 2023.
             Was an Initiate of Qazlal.
             Slain by an ogre
             ... wielding a +0 giant spiked club
              (15 damage)
             ... on level 5 of the Dungeon.
             The game lasted 00:20:54 (4257 turns).

jlumianski the Slasher (Demonspawn Fighter)         Turns: 4257, Time: 00:20:55

Health: 0/55       AC:  9    Str: 18    XL:     7   Next: 93%
Magic:  8/8        EV: 11    Int:  9    God:    Qazlal [......]
Gold:   207        SH:  5    Dex: 13    Spells: 6/6 levels left

rFire   . . .      SeeInvis .    w - +2 war axe (heavy)
rCold   . . .      Faith    .    c - +0 buckler
rNeg    . . .      Spirit   .    h - +3 leather armour
rPois   .          Reflect  .    (no helmet)
rElec   .          Harm     .    (no cloak)
rCorr   .          Rampage  .    (no gloves)
Will    .....                    (no boots)
Stlth   +                        (no amulet)
HPRegen 0.29/turn                (no ring)
MPRegen 0.22/turn                (no ring)

@: no status effects
A: thin metallic scales 2, magic regeneration, demonic magic 1
a: Renounce Religion


You were on level 5 of the Dungeon.
You worshipped Qazlal.
Qazlal was noncommittal.
You visited 1 branch of the dungeon, and saw 5 of its levels.

You collected 207 gold pieces.

Inventory:

Hand Weapons
 a - a +0 war axe
 e - a +0 demon blade
 r - a +1 whip of freezing
 w - a +2 heavy war axe (weapon)
Missiles
 f - 23 stones (quivered)
 j - a throwing net
Armour
 b - a +0 scale mail
 c - a +0 buckler (worn)
 h - a +3 leather armour (worn)
Jewellery
 m - a ring of wizardry
 o - an amulet of reflection
Scrolls
 i - 4 scrolls of teleportation
 l - a scroll of fear {unknown}
 p - a scroll of blinking
 q - a scroll of immolation {unknown}
 s - a scroll of magic mapping {unknown}
 t - a scroll of butterflies {unknown}
 u - a scroll of amnesia {unknown}
Potions
 d - a potion of flight
 g - 3 potions of curing
 k - a potion of haste
 n - a potion of ambrosia
 v - a potion of lignification
 x - a potion of heal wounds


   Skills:
 * Level 4.7 Fighting
 - Level 5.2 Long Blades
 * Level 3.0 Axes
 + Level 0.4 Throwing
 + Level 3.4 Armour
 + Level 2.1 Dodging
 + Level 3.8 Shields
 * Level 2.1 Invocations


You had 6 spell levels left.
You didn't know any spells.
Your spell library contained the following spells:

 Spells                   Type           Power      Damage    Failure   Level
 Apportation              Tloc           0%         N/A       54%         1
 Necrotise                Necr           0%         1d4       54%         1
 Summon Small Mammal      Summ           0%         N/A       54%         1


Dungeon Overview and Level Annotations

Branches:
Dungeon (5/15)
 Temple: D:4-7

Altars:
Qazlal


Innate Abilities, Weirdness & Mutations

You are mostly covered in thin metallic scales. (AC +3)
You regenerate magic rapidly.
Spells you cast may paralyse adjacent enemies.


Message History

You kill the hound!
Qazlal accepts your kill. The gnoll sergeant barely misses you.
The gnoll sergeant misses you. You block the iguana's attack.
Your Invocations skill increases to level 2!
You slice the iguana!!
You kill the iguana!
Qazlal accepts your kill. The gnoll sergeant misses you.
Your Axes skill increases to level 3!
You block the gnoll sergeant's attack.
You see here an iguana corpse.
You slash the gnoll sergeant!
The gnoll sergeant is heavily wounded.
The gnoll sergeant misses you.
The gnoll sergeant hits you with a +0 trident!
You barely miss the gnoll sergeant.
The gnoll sergeant is heavily wounded.
The gnoll sergeant hits you with a +0 trident. x2
You hit the gnoll sergeant but do no damage.
The gnoll sergeant is heavily wounded.
The gnoll sergeant closely misses you.
The gnoll sergeant hits you with a +0 trident.
You slash the gnoll sergeant!
The gnoll sergeant is almost dead.
The gnoll sergeant hits you with a +0 trident!
You block the gnoll sergeant's attack.
You barely miss the gnoll sergeant.
The gnoll sergeant is almost dead.
The gnoll sergeant hits you with a +0 trident.
The gnoll sergeant hits you but does no damage.
You barely miss the gnoll sergeant.
The gnoll sergeant is almost dead.
The gnoll sergeant hits you with a +0 trident. x2
* * * LOW HITPOINT WARNING * * *
You slash the gnoll sergeant!
You kill the gnoll sergeant!
Qazlal accepts your kill.
The ogre hits you with a +0 giant spiked club!
You die...

#..######.#########...#
#................##.8.#
#..####.....####.##...#
#..#$.##...## #.###.##
#..#.Og##.## #.# #..#
#..##..l#.# ##.# ##.#
#...##.'#.#+ ##..# #.#
#....###...###...## #.#
#.....@O.8........###.#
##...###...###.....)..#
#..## +#.#+ ##..####.#
#.## #.# ##.# #.# #.#
##.## #.# #.# #.#
##...## #.# #.#
#.####.....####.# #.#
#...............# #.#
########...#########.#


You could see an ogre.

Vanquished Creatures
  Pikel (D:4)
  A water moccasin (D:5)
  A gnoll sergeant (D:5)
  2 scorpions
  A hound (D:5)
  A jelly (D:5)
  2 iguanas (D:5)
  An orc wizard (D:4)
  4 adders
  2 river rats (D:4)
  5 worms
  A dart slug (D:1)
  9 orcs
  6 bats
  4 endoplasms
  5 giant cockroaches
  5 goblins
  11 hobgoblins
  8 kobolds
  6 quokkas
  9 ball pythons
  3 frilled lizards
  9 rats
97 creatures vanquished.

Notes
Turn   | Place    | Note
-------+----------+-------------------------------------------
     0 | D:1      | jlumianski the Demonspawn Fighter began the quest for the
                  | Orb.
     0 | D:1      | Reached XP level 1. HP: 18/18 MP: 1/1
   165 | D:1      | Gained mutation: You regenerate magic rapidly. [demonic
                  | ancestry]
   165 | D:1      | Reached XP level 2. HP: 24/24 MP: 2/2
   197 | D:1      | Found a faded altar of an unknown god.
   548 | D:1      | Gained mutation: You are partially covered in thin metallic
                  | scales. (AC +2) [demonic ancestry]
   548 | D:1      | Reached XP level 3. HP: 26/29 MP: 3/3
  1846 | D:4      | Gained mutation: Spells you cast may paralyse adjacent
                  | enemies. [demonic ancestry]
  1846 | D:4      | Reached XP level 4. HP: 35/35 MP: 4/4
  1885 | D:4      | Noticed a scorpion
  1900 | D:4      | Killed a scorpion
  1901 | D:4      | Reached skill level 1 in Long Blades
  1901 | D:4      | Reached skill level 1 in Dodging
  2111 | D:4      | Found a stormy altar of Qazlal.
  2124 | D:4      | Became a worshipper of Qazlal Stormbringer
  2256 | D:4      | Reached XP level 5. HP: 34/42 MP: 5/5
  2362 | D:4      | Reached skill level 2 in Long Blades
  2430 | D:4      | Noticed a lemure
  2430 | D:4      | Noticed a lemure
  2430 | D:4      | Noticed Pikel
  2430 | D:4      | Noticed a lemure
  2434 | D:4      | Noticed a lemure
  2453 | D:4      | Killed Pikel
  2454 | D:4      | Reached skill level 4 in Long Blades
  2454 | D:4      | Reached XP level 6. HP: 6/49 MP: 6/6
  2454 | D:4      | Gained mutation: You are mostly covered in thin metallic
                  | scales. (AC +3) [demonic ancestry]
  2454 | D:4      | Reached XP level 7. HP: 7/55 MP: 7/7
  3634 | D:5      | Entered Level 5 of the Dungeon
  3641 | D:5      | Reached skill level 5 in Long Blades
  3958 | D:5      | Reached skill level 1 in Invocations
  4257 | D:5      | Slain by an ogre

Illustrated notes

Levels and vault maps discovered:
D:1:      psy_arrival_conway, layout_loops_cross,
          hellmonk_ecumenical_altar_zigzags
D:2:      layout_basic, minmay_misc_feat_chi
D:3:      layout_basic, st_stairs_11, minmay_misc_feat_plants
D:4:      layout_cave_pods, nicolae_qazlal_scattered_showers,
          portal_sewer_entry_e, roderic_lattice_a, grunt_decor_mini_mirrors,
          uniq_pikel
D:5:      cheibrodos_barr_body, layout_basic, elyvilon_altar_1

Skill      XL: |  1  2  3  4  5  6  7 |
---------------+----------------------+-----
Shields        | 3 |  3.8
Axes           | 2 3 |  3.0
Armour         | 3 |  3.4
Long Blades    | 1 4 5 |  5.2
Dodging        | 1 2 |  2.1
Fighting       | 4 |  4.7
Invocations    | 2 |  2.1
Throwing       | |  0.4

Action                     |  1- 3 |  4- 6 |  7- 9 || total
---------------------------+-------+-------+-------++-------
  Melee: War axe           |   130 |       |    30 ||   160
         Demon blade       |    10 |    62 |    86 ||   158
  Throw: Stone             |       |     5 |     7 ||    12
    Use: Scroll            |     2 |       |     5 ||     7
         Potion            |       |     1 |     1 ||     2
 Armour: Scale mail        |    45 |       |       ||    45
         Leather armour    |    42 |    24 |    52 ||   118
  Dodge: Dodged            |    85 |    32 |    84 ||   201
  Block: Buckler           |    45 |    22 |    33 ||   100

Table legend: (Time is in decaauts)
 A = Elapsed time spent in this place.
 B = Non-inter-level travel time spent in this place.
 C = Inter-level travel time spent in this place.
 D = Time resting spent in this place.
 E = Time spent auto-exploring this place.
 F = Levels seen in this place.
 G = Mean time per level.
                   A        B        C        D        E       F      G
               +--------+--------+--------+--------+--------+-----+--------+
         Total |   4396 |   4224 |    172 |      0 |   2944 |   5 |  879.2 |
       Dungeon |   4396 |   4224 |    172 |      0 |   2944 |   5 |  879.2 |
               +--------+--------+--------+--------+--------+-----+--------+

Top non-repeatable levels by time:
     D:4: 1301 daAuts
     D:1: 935 daAuts
     D:3: 869 daAuts
     D:5: 653 daAuts
     D:2: 636 daAuts
